 Dungeon Crawl Stone Soup version 0.26-a0-466-g989023bd0d (webtiles) character file.

Game seed: 12096580998031454358

169 Apogee the Chopper (level 5, -12/46 HPs)
             Began as a Minotaur Gladiator on Aug 14, 2020.
             Was an Initiate of Fedhas.
             Mangled by Robin
             ... wielding a +5 whip of electrocution
              (14 damage)
             ... on level 4 of the Dungeon.
             The game lasted 00:03:32 (2685 turns).

Apogee the Chopper (Minotaur Gladiator)             Turns: 2685, Time: 00:03:33

Health: -12/46     AC:  8    Str: 19    XL:     5   Next: 25%
Magic:  4/4        EV:  6    Int:  5    God:    Fedhas [......]
Gold:   162        SH:  8    Dex: 12    Spells: 4/4 levels left

rFire    + . .     SeeInvis .   a - +0 war axe
rCold    x . .     Faith    .   p - +0 kite shield
rNeg     . . .     Spirit   .   x - +0 chain mail
rPois    .         Reflect  .   c - +0 hat
rElec    .         Harm     .   (no cloak)
rCorr    .                      (no gloves)
MR       +....                  (no boots)
Stlth    ..........             (no amulet)
HPRegen  0.15/turn              l - ring of protection from magic
MPRegen  0.09/turn              s - ring of fire

@: no status effects
A: retaliatory headbutt, horns 2
a: Renounce Religion


You were on level 4 of the Dungeon.
You worshipped Fedhas.
Fedhas was noncommittal.
You visited 1 branch of the dungeon, and saw 4 of its levels.

You collected 162 gold pieces.

Inventory:

Hand Weapons
 a - a +0 war axe (weapon)
Missiles
 d - 6 throwing nets (quivered) {!f}
 o - 72 stones
Armour
 c - a +0 hat (worn)
 p - a +0 kite shield (worn)
   (You found it on level 2 of the Dungeon)
 x - a +0 chain mail (worn)
   (You found it on level 2 of the Dungeon)
Jewellery
 l - a ring of protection from magic (left hand)
   (You found it on level 1 of the Dungeon)
 s - a ring of fire (right hand)
   (You found it on level 2 of the Dungeon)
Scrolls
 f - 4 scrolls of teleportation {unknown}
 g - 4 scrolls of identify {unknown}
 h - 2 scrolls of magic mapping {unknown}
 i - 3 scrolls of remove curse {unknown}
 j - a scroll of fear {unknown}
 m - a scroll of enchant armour {unknown}
 r - a scroll of blinking {unknown}
 u - a scroll of enchant weapon {unknown}
Potions
 b - a potion of curing {unknown}
 e - 2 potions of invisibility {unknown}
 k - a potion of mutation {unknown}
 n - a potion of lignification {unknown}
 q - a potion of degeneration {unknown}
 t - 2 potions of brilliance {unknown}
 v - a potion of haste {unknown}
 w - a potion of flight {unknown}
 z - a potion of magic {unknown}


   Skills:
 + Level 3.6 Fighting
 * Level 5.5 Axes
 - Level 2.0 Throwing
 + Level 2.6 Armour
 - Level 3.2 Dodging
 + Level 1.9 Shields


You had 4 spell levels left.
You didn't know any spells.
Your spell library was empty.

Dungeon Overview and Level Annotations

Branches:
Dungeon (4/15)
 Temple: D:4-7

Altars:
Elyvilon
Fedhas
Qazlal
The Shining One

Annotations:
D:4 Robin


Innate Abilities, Weirdness & Mutations

You reflexively headbutt those who attack you in melee.
You have a pair of horns on your head.


Message History

Fedhas accepts your kill.
You hit the goblin.
You kill the goblin!
Fedhas accepts your kill.
You hit the hound but do no damage. The hound barely misses you.
You furiously retaliate!
You headbutt the hound. The hound bites you but does no damage.
The goblin hits you but does no damage. You block the goblin's attack.
Unknown command.
You miss the goblin. You hit the hound. You hit Robin. You barely miss the orc.
You slash the goblin!
You kill the goblin!
Fedhas accepts your kill. The hound barely misses you. You furiously retaliate!
You headbutt the hound. You block the orc's attack.
Robin hits you with a +5 whip of electrocution!
The goblin hits you but does no damage. You block the hound's attack.
You closely miss the goblin. You closely miss the hound.
You hit Robin but do no damage. You hit the orc.
The hound bites you but does no damage. You block the orc's attack.
Robin hits you but does no damage. The goblin hits you but does no damage.
The hound barely misses you.
Unknown command.
You hit the goblin.
You kill the goblin!
Fedhas accepts your kill.
You barely miss the hound. You hit Robin. You hit the orc but do no damage.
The hound bites you but does no damage. You block Robin's attack.
The orc closely misses you. The hound bites you but does no damage.
You block Robin's attack. The orc hits you but does no damage.
Unknown command.
You hit the orc. You completely miss Robin. You closely miss the hound.
You block the hound's attack. You block Robin's attack.
The hound barely misses you. The orc hits you with a +0 flail.
Unknown command.
You slash the orc!
You kill the orc!
Fedhas accepts your kill.
You hit Robin. You hit the hound. The hound bites you but does no damage.
Robin hits you with a +5 whip of electrocution.
You block the hound's attack.
Unknown command.
You barely miss Robin. You closely miss the hound.
Robin hits you but does no damage.
You are electrocuted!
* * * LOW HITPOINT WARNING * * *
The hound barely misses you. Robin hits you but does no damage.
You are electrocuted!
You die...
Fedhas appreciates your contribution to the ecosystem.

.. ...... .. ...... #.#
#....# #..###....##
#..........##
###...........#
......hg)# ..## #
.....#†@)####..######.#
......))##..........#.##
........................
......?.................
#.......................
........................
..##....................
## #........#...........
#..........<.†........


You could see a hound and Robin.

Vanquished Creatures
  4 gnolls (D:3)
  4 adders
  2 oozes
  3 worms
  2 dart slugs
  4 leopard geckos
  2 orcs
  4 giant cockroaches
  13 goblins
  6 hobgoblins
  2 jackals (D:3)
  2 quokkas (D:2)
  6 bats
  9 frilled lizards
  5 kobolds
  3 rats
71 creatures vanquished.

Notes
Turn   | Place    | Note
-------+----------+-------------------------------------------
     0 | D:1      | Apogee the Minotaur Gladiator began the quest for the Orb.
     0 | D:1      | Reached XP level 1. HP: 18/18 MP: 0/0
    54 | D:1      | Reached skill level 4 in Axes
    58 | D:1      | Reached XP level 2. HP: 9/25 MP: 1/1
    95 | D:1      | Reached skill level 1 in Armour
   908 | D:2      | Reached XP level 3. HP: 23/31 MP: 2/2
  1217 | D:2      | Reached skill level 1 in Shields
  1471 | D:2      | Reached XP level 4. HP: 29/38 MP: 3/3
  1906 | D:3      | Found a blossoming altar of Fedhas.
  1918 | D:3      | Reached skill level 5 in Axes
  2310 | D:3      | Reached XP level 5. HP: 45/45 MP: 4/4
  2397 | D:3      | Found a white marble altar of Elyvilon.
  2420 | D:3      | Found a glowing golden altar of the Shining One.
  2428 | D:3      | Found a stormy altar of Qazlal.
  2630 | D:3      | Became a worshipper of Fedhas Madash
  2672 | D:4      | Identified the +1 helmet of the Cuttlefish {Harm}
  2672 | D:4      | Noticed Robin
  2685 | D:4      | HP: 2/46 [Robin/+5 whip of electrocution (22)]
  2685 | D:4      | Mangled by Robin

Illustrated notes

Levels and vault maps discovered:
D:1:      lightli_molten_gateway, layout_rooms
D:2:      layout_rooms, serial_park_tiny_pond, chequers_serial_rivers_micro_e,
          minmay_pentomino_w4
D:3:      layout_rooms, grunt_temple_overflow_cloverleaf,
          kennysheep_generic_room_6
D:4:      layout_layer_cave, grunt_temple_overflow_open, uniq_sigmund,
          uniq_ijyb, uniq_robin

Skill      XL: |  1  2  3  4 |
---------------+-------------+-----
Axes           | 4 5 |  5.5
Armour         | 1 2 |  2.6
Fighting       | 3 |  3.6
Shields        | 1 |  1.9
Throwing       | |  2.0
Dodging        | |  3.2

Action                   |  1- 3 |  4- 6 || total
-------------------------+-------+-------++-------
Melee: War axe           |    90 |    67 ||   157
       Headbutt          |    10 |    13 ||    23
Armor: Leather armour    |     3 |       ||     3
       Scale mail        |    22 |       ||    22
       Chain mail        |     3 |    44 ||    47
Dodge: Dodged            |    45 |    25 ||    70
Block: Kite shield       |    26 |    41 ||    67

Table legend: (Time is in decaauts)
 A = Elapsed time spent in this place.
 B = Non-inter-level travel time spent in this place.
 C = Inter-level travel time spent in this place.
 D = Time resting spent in this place.
 E = Time spent auto-exploring this place.
 F = Levels seen in this place.
 G = Mean time per level.
                   A        B        C        D        E       F      G
               +--------+--------+--------+--------+--------+-----+--------+
         Total |   2739 |   2626 |    113 |    659 |   1436 |   4 |  684.8 |
       Dungeon |   2739 |   2626 |    113 |    659 |   1436 |   4 |  684.8 |
               +--------+--------+--------+--------+--------+-----+--------+

Top non-repeatable levels by time:
     D:2: 1021 daAuts
     D:1: 904 daAuts
     D:3: 766 daAuts
     D:4: 46 daAuts
